 Dungeon Crawl Stone Soup version 0.19-a0-1673-g1c1b307 (webtiles) character file.

819 DeloreanTremens the Ducker (level 7, 0/32 HPs)
             Began as a Spriggan Enchanter on Sept 23, 2016.
             Slain by an orc wizard
             ... wielding a +0 dagger
              (3 damage)
             ... on level 7 of the Dungeon.
             The game lasted 00:44:50 (7266 turns).

DeloreanTremens the Ducker (Spriggan Enchanter)     Turns: 7266, Time: 00:44:52

Health: 0/32       AC:  4    Str:  4    XL:     7   Next: 63%
Magic:  23/26      EV: 23    Int: 17    God:
Gold:   331        SH:  0    Dex: 18    Spells: 3 memorised, 10 levels left

rFire  . . .     SeeInvis +     a - +1 dagger
rCold  . . .     Gourm    .     b - +2 robe
rNeg   . . .     Faith    .     (shield restricted)
rPois  .         Spirit   .     (helmet restricted)
rElec  .         Dismiss  .     (no cloak)
rCorr  .         Reflect  .     (gloves unavailable)
MR     +....     Harm     .     (boots unavailable)
Stlth  ++++......               (no amulet)
                                (no ring)
                                j - ring of magical power

@: about to teleport, very slightly contaminated, very quick
A: unfitting armour, horns 1, see invisible, herbivore 3, speed 3, slow
metabolism 2
a: no special abilities


You were on level 7 of the Dungeon.
You were full.

You visited 1 branch of the dungeon, and saw 7 of its levels.

You collected 331 gold pieces.

Inventory:

Hand Weapons
 a - a +1 dagger (weapon)
Armour
 b - a +2 robe (worn)
Rods
 u - a +1 rod of ignition (14/14)
   (You found it on level 3 of the Dungeon)
Jewellery
 j - a ring of magical power (left hand)
Wands
 r - a wand of paralysis (24/24)
Scrolls
 g - 9 scrolls of identify
 m - a scroll of teleportation
 n - a scroll of fog
 o - a scroll of magic mapping
 t - a scroll of recharging
 w - 2 scrolls of enchant armour
 y - a scroll of amnesia
 A - a scroll of enchant weapon {unknown}
 B - a scroll of immolation {unknown}
 F - a scroll of random uselessness {unknown}
Potions
 e - a potion of lignification
 f - a potion of cancellation {unknown}
 h - 5 potions of curing
 i - 2 potions of beneficial mutation
 k - 2 potions of haste {unknown}
 l - 2 potions of heal wounds {unknown}
 s - 3 potions of invisibility {unknown}
 v - 4 potions of resistance {unknown}
 C - a potion of flight {unknown}
 D - a potion of berserk rage
Books
 c - a book of Maledictions

   Spells                             Type                      Level
   a - Corona                         Hexes                        1
   b - Ensorcelled Hibernation        Hexes/Ice                    2
   c - Confuse                        Hexes                        3
   d - Tukima's Dance                 Hexes                        3
   e - Dazzling Spray                 Conjuration/Hexes            3
 p - a book of Cantrips

   Spells                             Type                      Level
   a - Confusing Touch                Hexes                        1
   b - Animate Skeleton               Necromancy                   1
   c - Summon Small Mammal            Summoning                    1
   d - Apportation                    Translocation                1
 z - Gorust's Papyrus of Summoning
   (You found it on level 4 of the Dungeon)

   Spells                             Type                      Level
   a - Call Imp                       Summoning                    2
   b - Summon Demon                   Summoning                    5
   c - Shadow Creatures               Summoning                    6
   d - Summon Hydra                   Summoning                    7
 E - a book of Debilitation

   Spells                             Type                      Level
   a - Corona                         Hexes                        1
   b - Slow                           Hexes                        2
   c - Gell's Gravitas                Hexes/Translocation          3
   d - Inner Flame                    Hexes/Fire                   3
   e - Cause Fear                     Hexes                        4
   f - Leda's Liquefaction            Hexes/Earth                  4
Comestibles
 d - 3 bread rations
 q - a slice of pizza
 x - 5 fruits


   Skills:
 * Level 4.9 Short Blades
 + Level 7.5 Dodging
 - Level 5.4 Stealth
 - Level 6.1 Spellcasting
 - Level 4.4 Hexes


You had 10 spell levels left.
You knew the following spells:

 Your Spells              Type           Power        Failure   Level  Hunger
a - Confuse               Hex            ###.....     10%         3    ##.....
b - Ensorcelled Hibernat  Hex/Ice        ##....       10%         2    None
c - Tukima's Dance        Hex            ###.....     10%         3    ##.....


Dungeon Overview and Level Annotations

Branches:
Dungeon (7/15)
 Temple: D:4-7

Altars:
Ashenzari
Cheibriados
Kikubaaqudgha

Shops:
D:5 ([**


Innate Abilities, Weirdness & Mutations

You are tiny and cannot use many weapons and most armour.
You have supernaturally acute eyesight. (SInv)
You are a herbivore.
You cover ground extremely quickly.
You need consume almost no food.
You have a pair of small horns on your head.


Message History

The orc wizard gestures wildly while chanting.
The orc wizard flickers and vanishes for a moment.
As you read the scroll of teleportation, it crumbles to dust.
You feel strangely unstable. The orc wizard hits you with a dagger.
The iguana completely misses you.
You hit the orc wizard.
The orc wizard is almost dead.
The orc wizard gestures at you while chanting.
The puff of flame hits you! The iguana misses you.
You closely miss the orc wizard.
You headbutt the orc wizard, but do no damage.
The orc wizard is almost dead.
The orc wizard barely misses you.
You closely miss the orc wizard.
The orc wizard is almost dead.
The orc wizard points at you and mumbles some strange words.
The magic dart hits you! The iguana bites you!
* * * LOW HITPOINT WARNING * * *
The orc wizard hits you with a dagger.
You die...

. ..# ... .# .. #.###.#
.###
..[#######..#..###...
....................
...#...##..#####.#
#...##..####..#
#...##.a......#
#.#...####..#...# (
#....ol@oo..#...#....
...########a..#<.......
.. #.#...#.##... .
#.#...#.# ## #.....#.#
###.... # ##.## #. ##


You could see an iguana, a worker ant, an orc wizard (invisible) and 2 orcs.

Vanquished Creatures
  Grinder (D:6)
  2 bullfrogs (D:6)
  A howler monkey (D:4)
  2 crimson imps (D:5)
  A jelly (D:5)
  A bullfrog skeleton (D:5)
  2 hounds
  An orc wizard (D:5)
  A worker ant (D:5)
  A killer bee zombie (D:5)
  A hound zombie (D:4)
  A worker ant zombie (D:5)
  8 adders
  A shadow imp (D:6)
  An ooze (D:2)
  A worm (D:4)
  A dart slug (D:1)
  4 leopard geckos
  12 orcs
  11 giant cockroaches
  10 goblins
  4 hobgoblins
  7 jackals
  6 kobolds
  A quokka (D:5)
  7 bats
  4 frilled lizards
  A leopard gecko skeleton (D:6)
  A leopard gecko zombie (D:5)
  A quokka skeleton (D:5)
  4 rats
100 creatures vanquished.

Notes
Turn   | Place    | Note
-------+----------+-------------------------------------------
     0 | D:1      | DeloreanTremens the Spriggan Enchanter began the quest for the Orb.
     0 | D:1      | Reached XP level 1. HP: 9/9 MP: 5/5
   264 | D:1      | Reached XP level 2. HP: 10/13 MP: 6/6
   269 | D:1      | Learned a level 2 spell: Ensorcelled Hibernation
  1008 | D:1      | Reached XP level 3. HP: 12/16 MP: 8/8
  2024 | D:2      | Reached skill level 5 in Stealth
  2321 | D:2      | Reached XP level 4. HP: 21/21 MP: 9/9
  3022 | D:3      | Reached skill level 4 in Dodging
  3154 | D:3      | Found a shattered altar of Ashenzari.
  3239 | D:3      | Gained mutation: You have a pair of small horns on your head. [potion of beneficial mutation]
  3272 | D:3      | Found an ancient bone altar of Kikubaaqudgha.
  3826 | D:4      | Reached XP level 5. HP: 24/24 MP: 10/10
  4093 | D:4      | Identified Gorust's Papyrus of Summoning
  4171 | D:4      | Reached skill level 5 in Dodging
  4460 | D:5      | Entered Level 5 of the Dungeon
  4687 | D:5      | Found Biecs's Antique Weapon Shoppe.
  4711 | D:5      | Reached XP level 6. HP: 19/28 MP: 13/13
  4790 | D:5      | Found a snail-covered altar of Cheibriados.
  4812 | D:5      | Found Liskaill's General Store.
  4902 | D:5      | Found Deit's Armour Shoppe.
  5028 | D:5      | Reached skill level 5 in Spellcasting
  5167 | D:5      | Reached skill level 6 in Dodging
  5330 | D:5      | Found Fuzygof's General Store.
  5948 | D:6      | Reached XP level 7. HP: 28/32 MP: 17/17
  6445 | D:6      | Learned a level 3 spell: Confuse
  6449 | D:6      | Learned a level 3 spell: Tukima's Dance
  6523 | D:6      | Noticed Grinder
  6716 | D:6      | Killed Grinder
  6716 | D:6      | Reached skill level 7 in Dodging
  7266 | D:7      | Slain by an orc wizard

Vault maps used:
D:1:      lightli_arrival_windingriver, hangedman_decor_opposing
D:2:      serial_glass, glass_columns_a, glass_columns_b
D:3:      overflow_temple_1_default, evilmike_ruin_ashenzari
D:5:      kennysheep_mini_moat, first_bread, serial_shops, shop,
          nicolae_shop_window_shopping, shop, shop, serial_park_tiny_1,
          minmay_misc_feat_encased
D:6:      uniq_grinder
D:7:      grunt_qazlal_clouds, the_bakery

Skill      XL: |  1  2  3  4  5  6  7 |
---------------+----------------------+-----
Short Blades   | 2 3 4 |  4.9
Stealth        | 5 |  5.4
Dodging        | 4 5 6 7 |  7.5
Hexes          | 4 |  4.4
Spellcasting   | 4 6 |  6.1

Action                   |  1- 3 |  4- 6 |  7- 9 || total
-------------------------+-------+-------+-------++-------
Melee: Dagger            |   187 |   308 |    99 ||   594
       Headbutt          |       |    36 |    15 ||    51
 Cast: Ensorcelled Hiber |    13 |    37 |     6 ||    56
       Confuse           |       |       |    13 ||    13
       Tukima's Dance    |       |       |     5 ||     5
  Use: Scroll            |     1 |     9 |     2 ||    12
       Potion            |       |     3 |       ||     3
 Stab: Sleeping          |    14 |    33 |     2 ||    49
       Distracted        |       |     1 |       ||     1
       Confused          |       |       |     2 ||     2
  Eat: Bread ration      |       |     1 |     1 ||     2
Armor: Robe              |    14 |    24 |     5 ||    43
Dodge: Dodged            |   137 |   198 |    66 ||   401
